 Dungeon Crawl Stone Soup version 0.27.1-33-g824d729ab1 (webtiles) character file.

Game seed: 10325328620688746747

4174 zeram the Covert (level 10, -3/56 HPs)
             Began as an Octopode Ice Elementalist on Dec 5, 2021.
             Was an Initiate of Gozag.
             Slain by an elephant (18 damage)
             ... on level 8 of the Dungeon.
             The game lasted 00:23:56 (8803 turns).

zeram the Covert (Octopode Ice Elementalist)        Turns: 8803, Time: 00:23:56

Health: -3/56      AC:  3    Str:  7    XL:     10   Next: 28%
Magic:  4/13       EV: 16    Int: 27    God:    Gozag
Gold:   841        SH:  0    Dex: 13    Spells: 4/13 levels left

rFire    . . .     SeeInvis .   g - +2 whip (vamp)
rCold    . . .     Faith    .   (no shield)
rNeg     . . .     Spirit   .   (helmet restricted)
rPois    .         Reflect  .   h - amulet of regeneration
rElec    .         Harm     .   j - +6 ring of intelligence
rCorr    .         Rampage  .   (no ring)
Will     .....                  (no ring)
Stlth    ++++++....             (no ring)
HPRegen  1.18/turn              (no ring)
MPRegen  0.13/turn              (no ring)
                                (no ring)
                                (no ring)

@: freezing walls
A: almost no armour, amphibious, 8 rings, camouflage 1, gelatinous body 1,
(nimble swimmer 1), tentacles, antennae 1, iridescent scales 1
a: Renounce Religion, Potion Petition, Call Merchant, Bribe Branch


You were on level 8 of the Dungeon.
You worshipped Gozag.
Gozag was pleased with you.
You visited 1 branch of the dungeon, and saw 8 of its levels.

You collected 875 gold pieces.
You paid 34 gold pieces to Gozag.

Inventory:

Hand Weapons
 a - a +0 dagger
 d - a +3 hand axe of electrocution
 g - a +2 vampiric whip (weapon)
Missiles
 c - 162 stones
Jewellery
 h - an amulet of regeneration (around mantle)
 j - a +6 ring of intelligence (left tentacle)
Wands
 b - a wand of iceblast (7)
 i - a wand of charming (5)
Scrolls
 l - a scroll of magic mapping
 n - a scroll of silence
 p - a scroll of enchant weapon
Potions
 e - 2 potions of flight
 k - a potion of heal wounds
 m - 2 potions of curing
 o - 2 potions of degeneration


   Skills:
 - Level 0.3 Maces & Flails
 + Level 8.3 Dodging
 - Level 11.1 Stealth
 - Level 2.0 Spellcasting
 + Level 10.3 Ice Magic


You had 4 spell levels left.
You knew the following spells:

 Your Spells              Type           Power      Damage    Failure   Level
a - Freeze                Ice            100%       1d11      1%          1
b - Frozen Ramparts       Ice            100%       1d12      1%          3
c - Ozocubu's Armour      Ice            55%        N/A       1%          3
d - Ensorcelled Hibernat  Hex/Ice        60%        N/A       1%          2

Your spell library contained the following spells:

 Spells                   Type           Power      Damage    Failure   Level
 Magic Dart               Conj           8%         1d3       10%         1
 Hailstorm                Conj/Ice       30%        3d8       12%         4
 Searing Ray              Conj           4%         3d3       14%         2
 Slow                     Hex            2%         N/A       14%         2
 Confusing Touch          Hex            2%         N/A       28%         3
 Spider Form              Tmut/Pois      1%         N/A       28%         3
 Vampiric Draining        Necr           1%         2d6       28%         3
 Fulminant Prism          Conj/Hex       1%         3d6       67%         4
 Shadow Creatures         Summ           N/A        N/A       100%        6


Dungeon Overview and Level Annotations

Branches:
Dungeon (8/15)             Temple (0/1) D:6            Lair (0/6) D:8

Altars:
Ashenzari
Dithmenos
Gozag
Kikubaaqudgha
Makhleb
Qazlal
Sif Muna
Xom
Yredelemnul

Shops:
D:1 (   D:7 [

Annotations:
D:3 2 transporters, Menkaure


Innate Abilities, Weirdness & Mutations

You cannot wear most types of armour.
You are amphibious.
You can wear up to eight rings at the same time.
Your skin changes colour to match your surroundings (Stealth+).
Your rubbery body absorbs attacks. (AC +1, EV +1)
((You are camouflaged near water. (Stealth+)))
You have tentacles for arms and can constrict up to eight enemies at once.
You have a pair of small antennae on your head.
You are partially covered in iridescent scales. (AC +2)


Message History

The elephant is lightly wounded.
The wall freezes the elephant!
The elephant tramples you!
You hold your ground!
The elephant barely misses you.
You hit the elephant.
You feel better.
The elephant is moderately wounded.
The wall freezes the elephant!
The elephant tramples you!
You hold your ground!
The elephant barely misses you.
You hit the elephant but do no damage. Your squeeze misses the elephant.
The elephant is heavily wounded.
The wall freezes the elephant.
The elephant tramples you!
You hold your ground!
The elephant closely misses you.
You barely miss the elephant.
The elephant is heavily wounded.
The wall freezes the elephant.
The elephant tramples you.
* * * LOW HITPOINT WARNING * * *
You hold your ground!
The elephant closely misses you.
Casting: Frozen Ramparts (safe; 1% risk of failure)
Confirm with . or Enter, or press ? or * to list all spells.
Aiming: Freeze (safe; 1% risk of failure)
Press: ? - help, Shift-Dir - straight line, f - elephant
Aim: an elephant (heavily wounded)
You freeze the elephant!
The elephant is severely wounded.
The wall freezes the elephant.
The elephant barely misses you. The elephant trunk-slaps you.
* * * LOW HITPOINT WARNING * * *
Casting: Freeze (safe; 1% risk of failure)
Confirm with . or Enter, or press ? or * to list all spells.
You don't know that spell.
Okay, then.
Casting: Freeze (safe; 1% risk of failure)
Confirm with . or Enter, or press ? or * to list all spells.
Aiming: Freeze (safe; 1% risk of failure)
Press: ? - help, Shift-Dir - straight line, f/p - elephant
Aim: an elephant (severely wounded)
You freeze the elephant.
The elephant is severely wounded.
The wall freezes the elephant.
The elephant tramples you!!
You die...
Your body crumbles into a pile of gold.

........ ##.....# #.....#
##+# #.....# ##...##
#.....# ##.....## #.....#
##.......##
..###.....####.........###
.........Y...+.........'..
###.###).@#.##.......).###
#. #..##.# #.......## #
#.## # ##.....## # #$#
##(..## # #?###.###.#
##'## # #.......).# #.# #
#####.##### #.# #.# ###.##
#.# ##....######


You could see an elephant.

Vanquished Creatures
  Harold (D:8)
  A cyclops (D:7)
  Grinder (D:3)
  Prince Ribbit (D:6)
  Sigmund (D:2)
  A wraith (D:7)
  A basilisk (D:8)
  Edmund (D:6)
  An acid dragon (D:7)
  An orc warrior (D:7)
  3 ice beasts (D:7)
  A black bear (D:8)
  An ogre (D:6)
  A centaur (D:8)
  2 bullfrogs (D:7)
  3 scorpions (D:6)
  A wyvern skeleton (D:6)
  A howler monkey (D:6)
  2 centaur zombies (D:5)
  Crazy Yiuf (D:6)
  5 hounds
  A jelly (D:4)
  A gnoll shaman (D:4)
  5 orc priests
  A bullfrog skeleton (D:6)
  2 iguanas
  6 orc wizards
  A killer bee zombie (D:6)
  2 hound skeletons (D:4)
  A howler monkey zombie (D:6)
  6 gnolls
  7 adders
  A howler monkey skeleton (D:6)
  2 white imps
  2 ufetubi
  An adder skeleton (D:4)
  2 worms (D:2)
  A dart slug (D:2)
  26 orcs
  2 endoplasms
  A giant cockroach (D:3)
  6 goblins
  7 hobgoblins
  9 jackals
  7 quokkas
  10 ball pythons
  5 bats
  2 frilled lizards
  5 kobolds
  4 rats
157 creatures vanquished.

Vanquished Creatures (others)
  9 plants (D:7)
9 creatures vanquished.

Grand Total: 166 creatures vanquished

Notes
Turn   | Place    | Note
-------+----------+-------------------------------------------
     0 | D:1      | zeram the Octopode Ice Elementalist began the quest for the
                  | Orb.
     0 | D:1      | Reached XP level 1. HP: 11/11 MP: 3/3
   533 | D:1      | Reached XP level 2. HP: 6/17 MP: 1/5
  1292 | D:1      | Found Gaotz's Weapon Boutique.
  1675 | D:2      | Found a faded altar of an unknown god.
  1686 | D:2      | Reached skill level 3 in Stealth
  1790 | D:2      | Reached XP level 3. HP: 18/21 MP: 6/6
  1881 | D:2      | Learned a level 3 spell: Frozen Ramparts
  2209 | D:2      | Noticed Sigmund
  2223 | D:2      | Killed Sigmund
  2224 | D:2      | Reached skill level 4 in Stealth
  2224 | D:2      | Reached skill level 5 in Ice Magic
  2224 | D:2      | Reached XP level 4. HP: 20/27 MP: 1/7
  2224 | D:2      | Reached XP level 5. HP: 23/31 MP: 1/8
  2606 | D:2      | Reached skill level 5 in Stealth
  2606 | D:2      | Reached XP level 6. HP: 19/36 MP: 5/9
  3225 | D:3      | Found a broken altar of Ashenzari.
  3339 | D:3      | Found a transporter.
  3340 | D:3      | Found an ancient bone altar of Kikubaaqudgha.
  3342 | D:3      | Noticed Menkaure
  3342 | D:3      | Noticed Grinder
  3350 | D:3      | Paralysed by Grinder for 4 turns
  3358 | D:3      | Killed Grinder
  3359 | D:3      | Reached skill level 6 in Stealth
  3359 | D:3      | Reached XP level 7. HP: 15/41 MP: 6/10
  3359 | D:3      | Found a transporter.
  3372 | D:3      | Learned a level 3 spell: Ozocubu's Armour
  3907 | D:3      | Found a basalt altar of Yredelemnul.
  4611 | D:4      | Found an opulent altar of Gozag.
  4646 | D:4      | Became a worshipper of Gozag Ym Sagoz the Greedy
  4852 | D:4      | Reached skill level 7 in Stealth
  5268 | D:5      | Entered Level 5 of the Dungeon
  5454 | D:5      | Reached XP level 8. HP: 39/46 MP: 11/11
  5457 | D:5      | Learned a level 2 spell: Ensorcelled Hibernation
  5509 | D:5      | Found a shimmering altar of Xom.
  5628 | D:5      | Reached skill level 5 in Dodging
  5662 | D:5      | Found a burning altar of Makhleb.
  5973 | D:5      | Found a shimmering blue altar of Sif Muna.
  6132 | D:6      | Noticed Edmund
  6279 | D:6      | Reached skill level 8 in Stealth
  6347 | D:6      | Killed Edmund
  6741 | D:6      | Noticed Prince Ribbit
  6749 | D:6      | Killed Prince Ribbit
  6750 | D:6      | Reached skill level 9 in Stealth
  6750 | D:6      | Reached XP level 9. HP: 13/51 MP: 4/12
  6916 | D:6      | Found a staircase to the Ecumenical Temple.
  7046 | D:6      | Found a runed translucent door.
  7047 | D:6      | Noticed Crazy Yiuf
  7167 | D:6      | Killed Crazy Yiuf
  7504 | D:7      | Found a stormy altar of Qazlal.
  7519 | D:7      | Gained mutation: You possess an exceptional clarity of
                  | mind. [potion of mutation]
  7519 | D:7      | Gained mutation: You are somewhat resistant to further
                  | mutation. [potion of mutation]
  7791 | D:7      | Noticed a cyclops
  7799 | D:7      | Reached skill level 10 in Stealth
  7802 | D:7      | Killed a cyclops
  8140 | D:7      | Lost mutation: You possess an exceptional clarity of mind.
                  | [potion of mutation]
  8140 | D:7      | Lost mutation: You are somewhat resistant to further
                  | mutation. [potion of mutation]
  8140 | D:7      | Gained mutation: You are partially covered in iridescent
                  | scales. (AC +2) [potion of mutation]
  8140 | D:7      | Gained mutation: You have a pair of small antennae on your
                  | head. [potion of mutation]
  8165 | D:7      | Found Jeorev's Antique Armour Shop.
  8351 | D:7      | Found a shadowy altar of Dithmenos.
  8651 | D:8      | Noticed Harold
  8664 | D:8      | Killed Harold
  8665 | D:8      | Reached skill level 11 in Stealth
  8665 | D:8      | Reached skill level 10 in Ice Magic
  8665 | D:8      | Reached XP level 10. HP: 41/56 MP: 5/13
  8675 | D:8      | Noticed an elephant
  8734 | D:8      | Found a staircase to the Lair.
  8803 | D:8      | Slain by an elephant

Illustrated notes

Levels and vault maps discovered:
D:1:      dpeg_arrival_stone_temple_mockup, layout_loops_ring, serial_shops,
          nicolae_shop_statue_plus
D:2:      layout_basic, ebering_ecumenical_altar_box, grunt_decor_cap, hex_tiny,
          uniq_sigmund
D:3:      layout_basic, ashenzari_conservatory_becter,
          gammafunk_temple_of_torment, chequers_garden, solitary_fountain,
          st_stairs_7, uniq_grinder
D:4:      layout_rooms, old_standard_altar, minivault_11
D:5:      layout_loops_ring, kennysheep_mini_moat,
          lemuel_coloured_pillars_altar, mainiacjoe_overflow_alcove_2,
          grunt_decor_arrowhead, chequers_serial_rivers_micro_c, uniq_menkaure
D:6:      layout_loops_cross, minmay_temple_entry_proselytizer,
          uniq_crazy_yiuf_cottage, uniq_edmund, uniq_prince_ribbit1
D:7:      layout_loops_ring, lemuel_round_altar,
          nicolae_dithmenos_through_a_glass_darkly, serial_shops,
          nicolae_shop_trees, minivault_24, minmay_shattered_shrine
D:8:      layout_loops_corners, nicolae_ru_the_path_less_chosen, zin_academy,
          david_lair_generic, serial_shops, nicolae_shop_behind_doors,
          uniq_harold

Skill      XL: |  1  2  3  4  5  6  7  8  9 |
---------------+----------------------------+-----
Stealth        | 3 4 5 6 7 9 11 | 11.1
Dodging        | 3 4 6 8 |  8.3
Ice Magic      | 5 6 7 8 10 | 10.3
Maces & Flails | |  0.3
Spellcasting   | |  2.0

Action                   |  1- 3 |  4- 6 |  7- 9 | 10-12 || total
-------------------------+-------+-------+-------+-------++-------
Melee: Unarmed           |    21 |       |       |       ||    21
       Constrict         |    21 |     8 |    44 |     1 ||    74
       Tentacles         |     7 |     4 |    47 |     2 ||    60
       Dagger            |    39 |    18 |       |       ||    57
       Hand axe          |       |    20 |    46 |       ||    66
       Whip              |       |       |   291 |    14 ||   305
 Cast: Freeze            |    13 |     1 |    34 |     2 ||    50
       Frozen Ramparts   |     2 |     3 |    25 |     3 ||    33
       Ozocubu's Armour  |       |       |    15 |     2 ||    17
       Ensorcelled Hiber |       |       |     2 |       ||     2
  Use: Scroll            |     1 |     4 |    13 |       ||    18
       Potion            |     1 |     2 |     7 |       ||    10
 Stab: Sleeping          |     5 |     3 |    28 |       ||    36
Armor: Skin              |     8 |     1 |    81 |     5 ||    95
Dodge: Dodged            |    72 |    22 |   303 |    17 ||   414
